 Dungeon Crawl Stone Soup version 0.20-a0-850-ge5a7832 (webtiles) character file.

2194 nikopol the Thaumaturge (level 9, -14/45 HPs)
             Began as a Deep Elf Fire Elementalist on Mar 10, 2017.
             Was an Initiate of Vehumet.
             Shot with a sling bullet by Joseph (17 damage)
             ... on level 7 of the Dungeon.
             The game lasted 00:28:45 (7505 turns).

nikopol the Thaumaturge (DEFE)                      Turns: 7505, Time: 00:28:45

Health: -14/45     AC:  4    Str:  5    XL:     9   Next: 12%
Magic:  16/32      EV: 22    Int: 24    God:    Vehumet [......]
Gold:   517        SH:  0    Dex: 15    Spells: 13/24 levels left

rFire    . . .     SeeInvis .   F - +1 short sword (protect)
rCold    + . .     Gourm    .   a - +0 robe
rNeg     . . .     Faith    .   (no shield)
rPois    .         Spirit   .   C - +0 helmet
rElec    .         Reflect  .   I - scarf {rC+}
rCorr    .         Harm     .   (no gloves)
MR       .....                  e - +0 pair of boots
Stlth    ++........             (no amulet)
Regen    0.2/turn               u - +5 ring of evasion
MPRegen  0.3/turn               q - ring of magical power

@: no status effects
A: no striking features
a: Renounce Religion


You were on level 7 of the Dungeon.
You worshipped Vehumet.
Vehumet was noncommittal.
You were not hungry.

You visited 2 branches of the dungeon, and saw 8 of its levels.

You collected 517 gold pieces.

Inventory:

Hand Weapons
 g - a +0 short sword
 m - a +3 hand axe
 F - a +1 short sword of protection (weapon)
 H - a +1 antimagic hand axe
Armour
 a - a +0 robe (worn)
 e - a +0 pair of boots (worn)
 C - a +0 helmet (worn)
 I - a scarf of cold resistance (worn)
 J - a +0 cloak
Jewellery
 q - a ring of magical power (left hand)
 u - a +5 ring of evasion (right hand)
 E - a +3 ring of strength {unknown}
Wands
 w - a wand of flame (48/48)
 B - a wand of polymorph (11/24)
 G - a wand of flame (24/48)
Scrolls
 f - a scroll of fog {unknown}
 h - 3 scrolls of remove curse {unknown}
 i - 3 scrolls of identify
 k - 2 scrolls of noise {unknown}
 n - 3 scrolls of immolation {unknown}
 p - a scroll of magic mapping {unknown}
 r - 3 scrolls of recharging
 s - 2 scrolls of teleportation {unknown}
 t - 3 scrolls of fear {unknown}
 x - a scroll of random uselessness {unknown}
 y - a scroll of amnesia {unknown}
Potions
 d - a potion of might {unknown}
 j - a potion of heal wounds {unknown}
 v - a potion of ambrosia {unknown}
 z - a potion of mutation {unknown}
 A - 2 potions of curing
 D - a potion of flight {unknown}
 L - 2 potions of brilliance {unknown}
Books
 b - a book of Flames

   Spells                             Type                      Level
   a - Flame Tongue                   Conjuration/Fire             1
   b - Throw Flame                    Conjuration/Fire             2
   c - Conjure Flame                  Conjuration/Fire             3
   d - Inner Flame                    Hexes/Fire                   3
   e - Sticky Flame                   Conjuration/Fire             4
   f - Fireball                       Conjuration/Fire             5
Comestibles
 c - 5 bread rations
 l - 4 fruits
 o - 3 meat rations
 K - 6 chunks of flesh
 M - a royal jelly


   Skills:
 + Level 7.5 Dodging
 - Level 3.4 Stealth
 + Level 8.2 Spellcasting
 + Level 6.5 Conjurations
 + Level 7.4 Fire Magic


You had 13 spell levels left.
You knew the following spells:

 Your Spells              Type           Power        Failure   Level  Hunger
a - Flame Tongue          Conj/Fire      #####        1%          1    None
b - Throw Flame           Conj/Fire      #####.       1%          2    None
c - Conjure Flame         Conj/Fire      #####...     1%          3    None
d - Fireball              Conj/Fire      #####.....   12%         5    #####..


Dungeon Overview and Level Annotations

Branches:
Dungeon (7/15)             Temple (1/1) D:5

Altars:
Ashenzari
Cheibriados
Dithmenos
Elyvilon
Gozag
Hepliaklqana
Kikubaaqudgha
Makhleb
Nemelex Xobeh
Okawaru
Qazlal
Ru
Sif Muna
Trog
Uskayaw
Vehumet
Wu Jian
Xom
Yredelemnul
Zin
The Shining One

Annotations:
D:7 Joseph


Message History

Aim: Joseph, wielding a hunting sling and wearing a dyed leather armour (heavily wounded)
The puff of flame hits Joseph.
Joseph is severely wounded.
Joseph shoots a sling bullet.
The sling bullet misses you.
Casting: Throw Flame
Confirm with . or Enter, or press ? or * to list all spells.
Aiming: Throw Flame
Press: ? - help, Shift-Dir - straight line, f/p - Joseph
Aim: Joseph, wielding a hunting sling and wearing a dyed leather armour (severely wounded)
The puff of flame misses Joseph.
Joseph shoots a sling bullet.
The sling bullet hits you!
* * * LOW HITPOINT WARNING * * *
Casting: Throw Flame
Confirm with . or Enter, or press ? or * to list all spells.
Aiming: Throw Flame
Press: ? - help, Shift-Dir - straight line, f/p - Joseph
Aim: Joseph, wielding a hunting sling and wearing a dyed leather armour (severely wounded)
The puff of flame misses Joseph.
Joseph shoots a sling bullet.
The sling bullet hits you!
You die...

###############
#####.............# ##
###...#.###########.# #.
......#.# #.# #.#########...#.##
#.### #... ............# #....
#..# #..........# ###(###
###..####..........########.(_...
..........).....@..(.>.@....#.###
###..####..#.....#########.##.#
#..# #..##...## #....#
#..####..###.## ###### #.....#..#
#.# #...#.#..###.# #............#
####.##..##### #.##..#


You could see Joseph.

Vanquished Creatures
  A steam dragon (D:7)
  A water moccasin (D:6)
  An ice beast (D:6)
  An orc warrior (D:7)
  A phantom (D:6)
  A necrophage (D:6)
  2 centaurs
  A sky beast (D:6)
  4 ogres
  A bullfrog (D:6)
  5 howler monkeys
  A centaur zombie (D:7)
  A jelly (D:7)
  2 orc priests (D:4)
  2 centaur skeletons
  2 bullfrog skeletons
  4 orc wizards
  6 worker ants
  A hound zombie (D:6)
  2 hound skeletons
  10 adders
  A shadow imp (D:7)
  A white imp (D:6)
  2 oozes
  An adder zombie (D:1)
  An adder skeleton (D:5)
  2 worms (D:3)
  A dart slug (D:4)
  7 leopard geckos
  13 orcs
  A ball python (D:2)
  5 giant cockroaches
  4 goblins
  7 hobgoblins
  9 kobolds
  6 bats
  5 frilled lizards
  A giant cockroach zombie (D:1)
  2 jackal skeletons
  A leopard gecko skeleton (D:6)
  A quokka skeleton (D:5)
  11 rats
  2 plants (D:1)
134 creatures vanquished.

Notes
Turn   | Place    | Note
-------+----------+-------------------------------------------
     0 | D:1      | nikopol the Deep Elf Fire Elementalist began the quest for the Orb.
     0 | D:1      | Reached XP level 1. HP: 10/10 MP: 6/6
   134 | D:1      | Reached XP level 2. HP: 10/15 MP: 1/8
   142 | D:1      | Learned a level 2 spell: Throw Flame
  1007 | D:1      | Reached XP level 3. HP: 19/19 MP: 7/9
  1583 | D:2      | Found an opulent altar of Gozag.
  2477 | D:3      | Reached XP level 4. HP: 24/24 MP: 7/11
  3103 | D:4      | Reached skill level 4 in Spellcasting
  3105 | D:4      | Reached XP level 5. HP: 23/28 MP: 5/13
  3926 | D:4      | Learned a level 3 spell: Conjure Flame
  3929 | D:4      | Reached XP level 6. HP: 28/32 MP: 10/15
  4004 | D:4      | Reached skill level 5 in Spellcasting
  4291 | D:4      | Reached skill level 5 in Fire Magic
  4423 | D:5      | Entered Level 5 of the Dungeon
  4469 | D:5      | Found a sparkling altar of Nemelex Xobeh.
  4655 | D:5      | Reached XP level 7. HP: 31/36 MP: 12/17
  4827 | D:5      | Reached skill level 5 in Dodging
  4827 | D:5      | Reached skill level 6 in Spellcasting
  5019 | D:5      | Found a staircase to the Ecumenical Temple.
  5028 | Temple   | Entered the Ecumenical Temple
  5770 | D:6      | Found a basalt altar of Yredelemnul.
  5772 | D:6      | Found a sacrificial altar of Ru.
  5772 | D:6      | Found a deep blue altar of Sif Muna.
  5781 | D:6      | Found a radiant altar of Vehumet.
  5790 | D:6      | Reached skill level 5 in Conjurations
  5790 | D:6      | Reached XP level 8. HP: 41/41 MP: 19/19
  5957 | D:6      | HP: 2/41 [poisoned by a water moccasin]
  6314 | D:6      | Reached skill level 7 in Spellcasting
  6319 | D:6      | Found a hazy altar of Hepliaklqana.
  6348 | D:6      | Became a worshipper of Vehumet
  6973 | D:7      | Learned a level 5 spell: Fireball
  7015 | D:7      | Reached skill level 8 in Spellcasting
  7031 | D:7      | Noticed Joseph
  7418 | D:7      | Reached XP level 9. HP: 45/45 MP: 23/23
  7478 | D:7      | Found an opulent altar of Gozag.
  7504 | D:7      | HP: 2/45 [Joseph/sling bullet (12)]
  7505 | D:7      | Shot with a sling bullet by Joseph

Vault maps used:
D:1:      saegor_arrival_fortress, minmay_misc_feat_tiny, minmay_misc_feat_iff,
          lexackson_kobold_supper
D:2:      nicolae_gozag_cash_rules_everything_around_me
D:3:      first_bread
D:5:      nemelex_xobeh_ov_fountains_minmay, lemuel_temple_firewalk_b
D:6:      nicolae_overflow_quartered_altars, vehumet_altar_wand_db,
          serial_bayou_pond_d
D:7:      lemuel_crystal_altar, uniq_joseph
Temple:   minmay_temple_curvy_branch

Skill      XL: |  1  2  3  4  5  6  7  8 |
---------------+-------------------------+-----
Stealth        | 3 |  3.4
Conjurations   | 2 3 4 5 6 |  6.5
Dodging        | 3 4 5 7 |  7.5
Fire Magic     | 4 5 6 7 |  7.4
Spellcasting   | 4 5 6 8 |  8.2

Action                   |  1- 3 |  4- 6 |  7- 9 || total
-------------------------+-------+-------+-------++-------
Melee: Short sword       |   119 |       |    87 ||   206
 Cast: Flame Tongue      |    74 |    90 |   142 ||   306
       Conjure Flame     |       |     1 |     7 ||     8
       Throw Flame       |       |       |    34 ||    34
Evoke: Wand              |       |       |     1 ||     1
  Use: Scroll            |       |       |     3 ||     3
  Eat: Chunk             |     5 |     6 |     9 ||    20
Armor: Robe              |    12 |     3 |     4 ||    19
Dodge: Dodged            |    16 |    24 |    42 ||    82
